cohdb
Replays
Latest Replays
All Replays
Popular Replays
Top Player Replays
Match Explorer
How It Works
Community
CoH3 Stats
Reddit
Sign in to upload your games and track your stats! →
Sign in with Steam
Match 38271668
Unlisted
Match 38271668
Overview
Messages
Build Orders
End
Panzergrenadier Squad
250 Light Carrier
Selects Armored Support Battlegroup
Panzergrenadier Squad
250 Light Carrier
Construct Light Support Kompanie
Combat Half-tracks
Fire Support Elements
Selects Superior Fire Drills
Panzerpioneer Squad
Panzerjäger Mechanized Group
Construct Panzerarmee Kommand
Vehicle Survival Package
Panzer III L Medium Tank
Panzer III L Medium Tank
Emergency Repair Kits
Selects Flammpanzer III Medium Tank
Selects Salvage Kits
Panzer III L Medium Tank
Selects Panzer Storm
Rapid Advance
Panzer III L Medium Tank
Tungsten Core Ammunition
Armored Reserves
Panzer IV Assault Group
Panzer Storm
Wolong
PayPerPaper
Waffenft
ElitestAIMERX
SHAH
346960431
Kakashi
BaBaBuLuBaBear
0
0
Comments
sign in to comment!
No comments posted yet!